 Dungeon Crawl Stone Soup version 0.30.2 (webtiles) character file.

Game seed: 10669391929051697211

309 porpoise the Chiller (level 6, 0/42 HPs)
             Began as a Demonspawn Ice Elementalist on Mar 19, 2024.
             Succumbed to an adder's poison
             ... on level 5 of the Dungeon.
             The game lasted 00:15:32 (4521 turns).

porpoise the Chiller (Demonspawn Ice Elementalist)  Turns: 4521, Time: 00:15:33

Health: 0/42       AC:  4    Str:  8    XL:     6   Next: 17%
Magic:  9/11       EV: 12    Int: 24    God:
Gold:   246        SH:  0    Dex: 14    Spells: 5/12 levels left

rFire   . . .        a - +8 whip of Pestilence {freeze, +Blink}
rCold   . . .        (no shield)
rNeg    . . .        f - +0 robe
rPois   .            C - +0 helmet
rElec   .            (no cloak)
rCorr   .            (no gloves)
SInv    .            (no boots)
Will    .....        (no amulet)
Stlth   +++          g - +6 ring of intelligence
HPRegen 0.27/turn    (no ring)
MPRegen 0.12/turn

%: no passive effects
@: lethally poisoned (0 -> -5)
A: rugged brown scales 1
a: Evoke Blink


You were on level 5 of the Dungeon.
You visited 1 branch of the dungeon, and saw 5 of its levels.

You collected 302 gold pieces.
You spent 56 gold pieces at shops.

Inventory:

Hand Weapons
 a - the +8 whip of Pestilence (weapon) {freeze, +Blink}
   (You found it on level 4 of the Dungeon)

   +Blink:    It lets you blink.
 A - a +1 short sword
Missiles
 m - 7 poisoned darts
 o - 6 boomerangs
 p - a throwing net
 r - 4 boomerangs of dispersal
Armour
 f - a +0 robe (worn)
 i - a +0 buckler
 B - the +7 Kryia's mail coat {PotionHeal*2 rC+}
   (You found it on level 4 of the Dungeon)

   PotionHeal*2: Potions heal its wearer twice as much.
   rC:        It protects you from cold.
 C - a +0 helmet (worn)
Jewellery
 g - a +6 ring of intelligence (left hand)
 h - a ring of ice
Wands
 j - a wand of flame (7)
Scrolls
 c - a scroll of fog
 e - a scroll of immolation {unknown}
 k - a scroll of acquirement {unknown}
 l - a scroll of torment {unknown}
 n - a scroll of poison {unknown}
 t - a scroll of enchant weapon
 u - 3 scrolls of amnesia
 v - 2 scrolls of teleportation
 x - 4 scrolls of magic mapping
 y - a scroll of silence {unknown}
 z - a scroll of fear {unknown}
Potions
 b - 2 potions of magic
 d - 2 potions of cancellation
 q - a potion of might
 s - 4 potions of curing
 w - a potion of ambrosia {unknown}


   Skills:
 - Level 1.7 Dodging
 + Level 3.9 Stealth
 + Level 3.8 Spellcasting
 + Level 4.9 Ice Magic


You had 5 spell levels left.
You knew the following spells:

 Your Spells              Type           Power      Damage    Failure   Level
a - Freeze                Ice            100%       1d10      1%          1
r - Frozen Ramparts       Ice            56%        1d9       4%          3
z - Ozocubu's Armour      Ice            28%        N/A       4%          3

Your spell library contained the following spells:

 Spells                   Type           Power      Damage    Failure   Level
 Ignite Poison            Fire/Tmut/Pois 4%         N/A       30%         3
 Summon Ice Beast         Ice/Summ       16%        N/A       34%         4
 Sticky Flame             Conj/Fire      4%         2d3       69%         4
 Ignition                 Fire           2%         3d3       100%        8


Dungeon Overview and Level Annotations

Branches:
Dungeon (5/15)
 Temple: D:4-7

Altars:

Shops:
D:2 (   D:4 :?


Innate Abilities, Weirdness & Mutations

You are partially covered in rugged brown scales. (AC +1, +3% HP)


Message History

There is an open door here.
Found a stone staircase leading up.
An adder comes into view.
Casting: Frozen Ramparts (dangerous; 4% risk of failure)
Confirm with . or Enter, or press ? or * to list all spells.
Okay, then.
Unknown command.
The adder hisses angrily.
Something hits you.
Deactivating autopickup; reactivate with Ctrl-A.
You closely miss the adder. Something hits you but does no damage.
Something hits you! The adder bites you.
You are poisoned.
The adder poisons you!
You completely miss the adder.
You feel sick. Something hits you. The adder barely misses you.
Something hits you! The adder bites you.
You are too injured to fight recklessly!
Casting: Frozen Ramparts (dangerous; 4% risk of failure)
Confirm with . or Enter, or press ? or * to list all spells.
Aiming: Freeze (safe; 1% risk of failure)
Press: ? - help, Shift-Dir - straight line, f - adder
Aim: an adder You freeze the adder.
The adder is moderately wounded.
You feel sick. Something hits you.
* * * LOW HITPOINT WARNING * * *
Something hits you!
* * * LOW HITPOINT WARNING * * *
The adder bites you.
* * * LOW HITPOINT WARNING * * *
You are more poisoned.
The adder poisons you!
Casting: Freeze (safe; 1% risk of failure)
Confirm with . or Enter, or press ? or * to list all spells.
Aiming: Freeze (safe; 1% risk of failure)
Press: ? - help, Shift-Dir - straight line, f/p - adder
Aim: an adder (moderately wounded)
You freeze the adder.
The adder is almost dead.
You die...

**,** *,* *,* *,* *,*
*,* ##+## *,* ##...##
*,* ##.....## ###*,*
##.......## ##.##,*
##.........####...#<#
.'.........'....@S..#
##.........####...#.#
##.......## ##.##,*
##.....## ###*,*
##...## **,** ##+##
*****,,,* *,*
*,,,,,,,* *,*
*,***,,,* **,** *,*
*****


You could see an adder.

Vanquished Creatures
  A black bear (D:4)
  An iguana (D:4)
  An orc wizard (D:4)
  8 adders
  2 ufetubi
  3 worms
  5 orcs (D:4)
  4 ball pythons
  7 endoplasms
  9 giant cockroaches (D:3)
  7 goblins
  5 hobgoblins
  2 jackals (D:4)
  4 quokkas
  5 bats
  4 frilled lizards
  5 kobolds
  5 rats
78 creatures vanquished.

Notes
Turn   | Place    | Note
-------+----------+-------------------------------------------
     0 | D:1      | porpoise the Demonspawn Ice Elementalist began the quest
                  | for the Orb.
     0 | D:1      | Reached XP level 1. HP: 13/13 MP: 3/3
   161 | D:1      | Found a faded altar of an unknown god.
   414 | D:1      | Gained mutation: You are partially covered in rugged brown
                  | scales. (AC +1, +3% HP) [demonic ancestry]
   414 | D:1      | Reached XP level 2. HP: 9/19 MP: 3/5
  1142 | D:1      | Reached XP level 3. HP: 7/24 MP: 0/6
  1148 | D:1      | Reached skill level 4 in Ice Magic
  1236 | D:2      | Found Tesuj's Antique Weapon Boutique.
  1278 | D:2      | Learned a level 3 spell: Frozen Ramparts
  1282 | D:2      | Learned a level 3 spell: Ozocubu's Armour
  2140 | D:3      | Reached XP level 4. HP: 30/30 MP: 5/8
  3295 | D:4      | Reached XP level 5. HP: 32/36 MP: 5/9
  3495 | D:4      | Identified the +8 whip of Pestilence {freeze, +Blink}
  3905 | D:4      | Found Ennae's Magic Scroll Emporium.
  3921 | D:4      | Bought a scroll of amnesia for 56 gold pieces
  3949 | D:4      | Identified the +0 plate armour "Nysett" {rPois rC- Dex+2}
  3983 | D:4      | Found the +7 Kryia's mail coat {PotionHeal*2 rC+}
  3984 | D:4      | Found Belul's Book Shop.
  4254 | D:4      | Noticed a black bear
  4260 | D:4      | Killed a black bear
  4261 | D:4      | Reached XP level 6. HP: 25/42 MP: 7/11
  4406 | D:5      | Entered Level 5 of the Dungeon
  4520 | D:5      | HP: 2/42 [something (7)]
  4521 | D:5      | Succumbed to an adder's poison

Illustrated notes

Levels and vault maps discovered:
D:1:      dpeg_arrival_concentric_ovals, layout_loops_ring,
          chequers_ecumenical_altar_simple_redux, corner_web_ring,
          chequers_serial_rivers_room_a
D:2:      layout_loops_cross, serial_shops, shop
D:3:      minmay_roachtagon, layout_rooms, minmay_misc_feat_nine_boxes,
          chequers_arboretum
D:4:      layout_loops_ring, serial_shops, shop, shop, minmay_misc_feat_chi
D:5:      layout_loops_corners, serial_shops, nicolae_shop_tiny_statue_garden

Skill      XL: |  1  2  3  4 |
---------------+-------------+-----
Stealth        | 2 3 |  3.9
Ice Magic      | 4 |  4.9
Spellcasting   | 3 |  3.8
Dodging        | |  1.7

Action                     |  1- 3 |  4- 6 || total
---------------------------+-------+-------++-------
  Melee: Whip              |    14 |    37 ||    51
         Short sword       |    18 |    14 ||    32
   Cast: Freeze            |    54 |    27 ||    81
         Frozen Ramparts   |       |     5 ||     5
         Ozocubu's Armour  |       |     1 ||     1
    Use: Scroll            |     2 |     6 ||     8
   Stab: Sleeping          |     3 |     4 ||     7
 Armour: Robe              |    23 |    10 ||    33
  Dodge: Dodged            |    48 |    32 ||    80
  Block: Buckler           |    10 |       ||    10
